AoeStats
← Ja1r

Arena

509812540Analyzed
2v2 RM · 5d ago on Sep 28, 2026· 51m 40s· 4 players
Game mode
Random Map
Map size
Medium (4 player)
Population
200
Speed
Normal
Resources
Standard
Victory
Conquest
Starting age
Dark Age
Ending age
Imperial Age
RankedLock teamsTeams togetherTeam positionsShared explorationLock speedFull tech treeHidden civsTurbo modeCheats
Victory
Defeat
🇺🇸 Byzantines · United States
882
+18
🇺🇸 Khmer · United States
862
+18
🇦🇷 Italians · Argentina
917
-18
🇨🇴 Byzantines · Colombia
916
-18
angelachang0220
9:30 Feudal Age
15:03 Castle Age
13:10 Double-Bit Axe
25:28 Forging
25:18 Scale Mail Armor
30:10 Imperial Age
28:20 Bow Saw
27:53 Horse Collar
28:40 Padded Archer Armor
28:30 Fletching
29:18 Wheelbarrow
30:00 Wheelbarrow
30:37 Leather Archer Armor
30:17 Bodkin Arrow
32:04 Hand Cart
31:54 Elite Skirmisher
33:05 Ring Archer Armor
32:36 Bracer
33:00 Heavy Plow
35:44 Crop Rotation
36:24 Ballistics
37:05 Chemistry
37:51 Caravan
39:53 Bloodlines
39:44 Husbandry
39:05 Cavalier
41:19 Scale Barding Armor
41:50 Iron Casting
42:28 Chain Barding Armor
45:27 Plate Barding Armor
45:53 Blast Furnace
45:37 Tusk Swords
46:36 Elite Battle Elephant
挖西玖桃
12:27 Feudal Age
17:05 Castle Age
16:45 Wheelbarrow
19:37 Hand Cart
19:50 Double-Bit Axe
25:25 Bow Saw
27:57 Husbandry
27:46 Arson
28:02 Squires
27:48 Gambesons
32:13 Imperial Age
30:00 Scale Barding Armor
30:06 Forging
30:42 Scale Mail Armor
31:26 Chain Barding Armor
33:48 Logistica
33:41 Loom
34:33 Chain Mail Armor
34:53 Iron Casting
35:57 Two-Man Saw
34:38 Horse Collar
35:50 Caravan
35:31 Elite Varangian Guard
38:25 Elite Cataphract
40:58 Plate Mail Armor
41:03 Plate Barding Armor
41:14 Plate Barding Armor
46:37 Gold Mining
Ja1r
0:39 Loom
11:10 Feudal Age
12:36 Double-Bit Axe
18:54 Castle Age
18:08 Scale Mail Armor
17:57 Horse Collar
18:10 Gold Mining
20:18 Bow Saw
21:54 Squires
23:18 Gold Shaft Mining
23:00 Forging
23:39 Loom
25:23 Wheelbarrow
25:35 Iron Casting
28:43 Imperial Age
27:26 Heavy Plow
28:58 Chain Mail Armor
30:45 Chemistry
29:41 Man-at-Arms
30:11 Gambesons
31:44 Two-Man Saw
31:29 Long Swordsman
32:42 Plate Mail Armor
32:44 Ballistics
33:01 Hand Cart
32:17 Pikeman
34:22 Fletching
34:29 Halberdier
35:43 Treadmill Crane
35:36 Two-Handed Swordsman
36:44 Thumb Ring
38:26 Fortified Wall
38:27 Champion
39:12 Murder Holes
39:54 Crop Rotation
39:56 Bodkin Arrow
40:23 Husbandry
40:22 Crossbowman
41:06 Arbalester
41:40 Heavy Camel Rider
45:59 Bracer
47:17 Conscription
z4rra
9:47 Feudal Age
11:58 Loom
15:24 Castle Age
14:15 Double-Bit Axe
17:26 Wheelbarrow
19:59 Town Watch
30:00 Imperial Age
28:03 Fletching
29:34 Forging
30:50 Bodkin Arrow
30:20 Man-at-Arms
30:22 Pikeman
36:33 Ballistics
37:14 Chemistry
36:41 Bodkin Arrow
40:13 Squires
40:25 Padded Archer Armor
41:13 Horse Collar
42:44 Bracer
42:34 Light Cavalry
43:25 Bloodlines
44:00 Conscription
48:38 Leather Archer Armor
48:29 Hussar
Connection lost

Rejoining the realm…

Still unreachable

The connection could not be restored.

Session expired

The server has moved on; the page needs a fresh start.